[Event "Titled Tuesday Blitz November 22 Early 2022"]
[White "Ginzburg, Yakov"]
[Black "Thorhallsson, Simon"]
[WhiteFideId "4157176"]
[BlackFideId "2310090"]
[WhiteElo "2305"]
[BlackElo "2109"]
[Result "1-0"]
[Round "11"]
[TimeControl "180+1"]
[Date "2022.11.23"]
[WhiteClock "0:00:54"]
[BlackClock "0:00:04"]

1. e4 c5 2. Nf3 e6 3. d4 cxd4 4. Nxd4 a6 5. Bd3 Bc5 6. Be3 Qb6 7. c3 e5 8. Nf5 Bxe3 9. Nxe3 Nf6 10. O-O O-O 11. Nd2 d6 12. Qb3 Qc7 13. Ndc4 Be6 14. Qb6 Qe7 15. Qxd6 Qxd6 16. Nxd6 Rd8 17. Nxb7 Rxd3 18. Nc5 Rd8 19. Rfd1 Nc6 20. b4 Nd7 21. Nxe6 fxe6 22. Rd6 Rac8 23. Rxe6 Nf8 24. Rxc6 Rxc6 25. Nd5 Kf7 26. a4 Ra8 27. g3 Ne6 28. Ra3 Nc7 29. Ne3 Rd8 30. Kg2 Rd3 31. b5 axb5 32. axb5 Nxb5 33. Ra5 Nxc3 34. Rxe5 Re6 35. Rf5+ Rf6 36. Re5 Re6 37. Rf5+ Ke8 38. e5 g6 39. Rg5 Ne4 40. Rg4 Nc5 41. Nc4 Nd7 42. f4 Nf8 43. Rh4 Kf7 44. Nd6+ Rdxd6 45. exd6 Rxd6 46. g4 Kf6 47. Rh3 Ra6 48. Rb3 Ra2+ 49. Kg3 Ne6 50. h4 Rd2 51. g5+ Kf5 52. Rb5+ Ke4 53. Re5+ Kd4 54. Rxe6 Rd3+ 55. Kg4 Rd1 56. Rd6+ 1-0


[Site "https://www.chess.com"]

[Event "Titled Tuesday Blitz November 22 Early 2022"]
[White "Goltseva, Ekaterina"]
[Black "Osinovsky, Stepan"]
[WhiteFideId "24173770"]
[BlackFideId "4157354"]
[WhiteElo "2200"]
[BlackElo "2222"]
[Result "1-0"]
[Round "11"]
[TimeControl "180+1"]
[Date "2022.11.23"]
[WhiteClock "0:00:02"]
[BlackClock "0:00:01"]

1. Nf3 Nf6 2. c4 g6 3. Nc3 Bg7 4. e4 O-O 5. d4 d6 6. Be2 Nbd7 7. O-O e5 8. Be3 Re8 9. Qc2 Ng4 10. Bg5 f6 11. Bh4 g5 12. Bg3 h5 13. h4 Nf8 14. dxe5 dxe5 15. Rad1 Bd7 16. Nd5 c6 17. Nb4 Qe7 18. c5 Ne6 19. Bc4 Kh8 20. Bxe6 Bxe6 21. hxg5 fxg5 22. Nd3 Bg8 23. Qc3 h4 24. Bh2 Bh7 25. Rfe1 Rad8 26. b4 Rd7 27. Qc1 Bf6 28. Nb2 Rxd1 29. Qxd1 Qe6 30. Qe2 Qxa2 31. Nxg5 Nxh2 32. Nxh7 Kxh7 33. Qh5+ Kg7 34. Qxe8 Qxb2 35. Kxh2 Qxf2 36. Qd7+ Kh6 37. Qd1 1-0


[Site "https://www.chess.com"]

[Event "Titled Tuesday Blitz November 22 Early 2022"]
[White "Golubev, Mikhail"]
[Black "Szyszylo, Rafal"]
[WhiteFideId "14100983"]
[BlackFideId "1109626"]
[WhiteElo "2374"]
[BlackElo "1981"]
[Result "0-1"]
[Round "11"]
[TimeControl "180+1"]
[Date "2022.11.23"]
[WhiteClock "0:00:01"]
[BlackClock "0:00:43"]

1. e4 d6 2. d4 Nf6 3. Nc3 g6 4. Bg5 Bg7 5. Qd2 c6 6. Bh6 Bxh6 7. Qxh6 b5 8. e5 b4 9. exf6 bxc3 10. bxc3 Qa5 11. Qe3 O-O 12. fxe7 Re8 13. f3 Be6 14. Kf2 Rxe7 15. Nh3 Nd7 16. Nf4 Rae8 17. Qd2 Nb6 18. Bd3 Bf5 19. Rhf1 d5 20. Bxf5 gxf5 21. Kg1 Nc4 22. Qd3 Nd6 23. h4 Re3 24. Qd1 Qxc3 25. Kh2 Nb5 0-1


[Site "https://www.chess.com"]

[Event "Titled Tuesday Blitz November 22 Early 2022"]
[White "Goncalves, Davi Sulzbacher"]
[Black "Averjanov, Alexey"]
[WhiteFideId "2154510"]
[BlackFideId "14109867"]
[WhiteElo "2182"]
[BlackElo "2607"]
[Result "0-1"]
[Round "11"]
[TimeControl "180+1"]
[Date "2022.11.23"]
[WhiteClock "0:00:09"]
[BlackClock "0:02:03"]

1. Nf3 d5 2. d4 Nf6 3. Bf4 e6 4. e3 c5 5. c3 Bd6 6. Ne5 O-O 7. Nd2 b6 8. Bd3 Ba6 9. Bc2 Qc7 10. g4 Nc6 11. g5 Nd7 12. Qh5 f5 13. Nxd7 Qxd7 14. Bxd6 Qxd6 15. g6 h6 16. Nf3 Rac8 17. Ba4 b5 18. Bd1 b4 19. Ba4 bxc3 20. bxc3 cxd4 21. exd4 Qf4 22. Nd2 Nxd4 23. cxd4 Qxd4 24. Qd1 Qe5+ 25. Ne4 Qxe4+ 26. Kd2 Qd4+ 27. Ke1 Qe5+ 28. Kd2 Qc3# 0-1


[Site "https://www.chess.com"]

[Event "Titled Tuesday Blitz November 22 Early 2022"]
[White "Gonzalez, Francisco Silva"]
[Black "Ovchinnikov, Vsevolod"]
[WhiteFideId "1512285"]
[BlackFideId "24176842"]
[WhiteElo "2159"]
[BlackElo "2376"]
[Result "0-1"]
[Round "11"]
[TimeControl "180+1"]
[Date "2022.11.23"]
[WhiteClock "0:00:25"]
[BlackClock "0:01:54"]

1. d4 Nf6 2. c4 g6 3. Nc3 d5 4. Bf4 Bg7 5. Nf3 O-O 6. e3 c5 7. dxc5 Ne4 8. Rc1 Nxc3 9. bxc3 dxc4 10. Qxd8 Rxd8 11. Bxc4 Nd7 12. Ng5 Rf8 13. Ne4 h6 14. Ke2 Kh7 15. Bd5 e6 16. Bb3 e5 17. Bg3 f5 18. c6 bxc6 19. Nd6 Ba6+ 20. Kf3 e4+ 21. Nxe4 fxe4+ 22. Kg4 Nf6+ 23. Kh4 g5+ 0-1


[Site "https://www.chess.com"]

[Event "Titled Tuesday Blitz November 22 Early 2022"]
[White "Gonzalez Vega, Alejandro"]
[Black "Fernandez Hernandez, Gerardo"]
[WhiteFideId "3510042"]
[BlackFideId "2207400"]
[WhiteElo "2271"]
[BlackElo "2212"]
[Result "0-1"]
[Round "11"]
[TimeControl "180+1"]
[Date "2022.11.23"]
[WhiteClock "0:00:10"]
[BlackClock "0:00:12"]

1. e4 e6 2. Nf3 d5 3. e5 c5 4. b4 cxb4 5. d4 Nc6 6. a3 Bd7 7. axb4 Bxb4+ 8. c3 Be7 9. Bd3 a6 10. O-O b5 11. Nfd2 Na5 12. f4 g6 13. Nf3 Nc4 14. Qe2 Nh6 15. h3 Nf5 16. g4 Ng3 17. Qg2 Nxf1 18. Bxf1 Rg8 19. Bd3 Bc6 20. Kh2 Qc7 21. Qg3 a5 22. Nbd2 a4 23. h4 Kd7 24. Qe1 h6 25. Nf1 a3 26. Ng3 a2 27. Qe2 Qa5 28. Qc2 Qa4 29. Ne1 Qxc2+ 30. Nxc2 Bxh4 31. Ne2 Be7 32. Kh3 h5 33. g5 Ra4 34. Ng1 Rga8 35. Nf3 Ke8 36. Nh4 Kd7 37. Nf3 Kc7 38. Nh4 Kb6 39. Nf3 Na5 40. Nd2 Kc7 41. Bb2 Nc4 42. Bc1 Nxd2 43. Bxd2 Kd7 44. Bc1 Kc7 45. Kg2 b4 46. Kh2 b3 47. Ne3 Ba3 48. Bxa3 Rxa3 49. Nd1 Kb6 50. Nb2 Bb5 51. Bxb5 Kxb5 52. Kg2 Rc8 53. Kf2 Rxc3 0-1


[Site "https://www.chess.com"]

[Event "Titled Tuesday Blitz November 22 Early 2022"]
[White "Gurevich, Dmitry"]
[Black "Ljukin, Sergei"]
[WhiteFideId "2000407"]
[BlackFideId "14102200"]
[WhiteElo "2506"]
[BlackElo "2312"]
[Result "1-0"]
[Round "11"]
[TimeControl "180+1"]
[Date "2022.11.23"]
[WhiteClock "0:00:05"]
[BlackClock "0:00:07"]

1. d4 d5 2. c4 c6 3. e3 Nf6 4. Nc3 e6 5. Nf3 Nbd7 6. Qc2 Bd6 7. b3 O-O 8. Be2 e5 9. cxd5 cxd5 10. Nb5 Bb8 11. Ba3 Re8 12. Rc1 e4 13. Nd2 Nb6 14. Nc7 Bxc7 15. Qxc7 Qxc7 16. Rxc7 Bd7 17. O-O Rec8 18. Rfc1 Ne8 19. Rxc8 Rxc8 20. Rc5 Nc7 21. f3 f5 22. Kf2 Ne6 23. Rxc8+ Nxc8 24. Nb1 Kf7 25. fxe4 fxe4 26. Nc3 Bc6 27. h4 Ne7 28. g4 Nc8 29. Kg3 h6 30. Bb4 Ne7 31. a4 Nc8 32. Ba3 Ne7 33. Bxe7 Kxe7 34. b4 Kd6 35. b5 Bd7 36. Bd1 g5 37. hxg5 hxg5 38. Bb3 Nc7 39. Kh3 b6 40. Kg3 Be6 41. Na2 Ne8 42. Nb4 Bd7 43. Ba2 Nc7 44. Bb3 Ne8 45. Na2 Nf6 46. Nc3 Bxg4 47. Nxd5 Nxd5 48. Bxd5 Bf5 49. Bc4 Ke7 50. Be2 Kd6 51. Bh5 Kd5 52. Bg4 Bg6 53. Bc8 Kc4 54. Kg4 Bf7 55. Kxg5 Kd3 56. Kf4 Bd5 57. Bf5 Bb3 58. Bxe4+ Kd2 59. d5 Bxa4 60. d6 Bxb5 61. Bf5 Bc6 62. d7 Bxd7 63. Bxd7 a6 64. e4 b5 65. e5 b4 66. Ba4 b3 67. Bxb3 Kc3 68. Bg8 Kd4 69. e6 1-0


[Site "https://www.chess.com"]

[Event "Titled Tuesday Blitz November 22 Early 2022"]
[White "Hambleton, Aman"]
[Black "Goroshkov, Maksym"]
[WhiteFideId "2606577"]
[BlackFideId "14142716"]
[WhiteElo "2538"]
[BlackElo "2257"]
[Result "0-1"]
[Round "11"]
[TimeControl "180+1"]
[Date "2022.11.23"]
[WhiteClock "0:00:02"]
[BlackClock "0:02:02"]

1. d4 Nf6 2. Bf4 d6 3. e3 g6 4. h3 Bg7 5. Nf3 O-O 6. Bh2 c5 7. dxc5 dxc5 8. Qxd8 Rxd8 9. Nc3 Nc6 10. Bb5 Nb4 11. Rc1 Bf5 12. Ba4 a6 13. g4 Be4 14. Nxe4 Nxe4 15. Rb1 b5 16. a3 Nc6 17. Bb3 c4 18. Ba2 Rd7 19. c3 Rad8 20. O-O Nd2 21. Nxd2 Rxd2 22. Rfe1 Ne5 23. Bxe5 Bxe5 24. Kf1 h5 25. Re2 hxg4 26. hxg4 Kg7 27. Ke1 R2d6 28. Kf1 g5 29. Rbe1 Rh6 30. Kg2 Rdh8 31. Rg1 Rh2+ 32. Kf1 Rd8 33. Bb1 Rd1+ 34. Re1 Rd2 35. Re2 Rd1+ 36. Re1 Rd6 37. Rg2 Rh3 38. Ke2 a5 39. Be4 Rh8 40. Rd1 Rxd1 41. Kxd1 Rh1+ 42. Kc2 f6 43. Bc6 b4 44. axb4 axb4 45. cxb4 Re1 46. Bf3 Ra1 0-1


[Site "https://www.chess.com"]

[Event "Titled Tuesday Blitz November 22 Early 2022"]
[White "Han, Yichen"]
[Black "Korchmar, Vasiliy"]
[WhiteFideId "1054430"]
[BlackFideId "24131750"]
[WhiteElo "2323"]
[BlackElo "2370"]
[Result "1-0"]
[Round "11"]
[TimeControl "180+1"]
[Date "2022.11.23"]
[WhiteClock "0:00:20"]
[BlackClock "0:00:02"]

1. Nf3 d5 2. d4 Nf6 3. Bf4 c5 4. e3 Nc6 5. Nbd2 Bf5 6. dxc5 e6 7. c3 Bxc5 8. Bb5 O-O 9. O-O Qe7 10. Qa4 Rac8 11. Nb3 Bb6 12. Nbd4 Bg4 13. Bxc6 bxc6 14. Ne5 c5 15. Nxg4 Nxg4 16. Nb5 Qd7 17. b3 e5 18. Bg3 f5 19. h3 f4 20. exf4 exf4 21. Bxf4 Nf6 22. Nd6 Qxa4 23. bxa4 Rc6 24. Nf5 Re6 25. Bd6 Rfe8 26. a5 Bxa5 27. Bxc5 Bxc3 28. Rac1 Ne4 29. Bxa7 Ra8 30. Bd4 Bxd4 31. Nxd4 Rea6 32. Nf5 R8a7 33. Rcd1 Nf6 34. Ne3 Ra5 35. Rd4 Kf7 36. Rfd1 Ke6 37. f4 Ra4 38. f5+ Ke5 39. R4d2 Rxa2 40. Rd3 1-0


[Site "https://www.chess.com"]

[Event "Titled Tuesday Blitz November 22 Early 2022"]
[White "Hartikainen, Jarmo"]
[Black "Chernov, Mikhail"]
[WhiteFideId "503134"]
[BlackFideId "24143170"]
[WhiteElo "2199"]
[BlackElo "2113"]
[Result "1-0"]
[Round "11"]
[TimeControl "180+1"]
[Date "2022.11.23"]
[WhiteClock "0:00:47"]
[BlackClock "0:01:50"]

1. e4 g6 2. d4 Bg7 3. Nc3 d6 4. Be3 a6 5. a4 b6 6. Qd2 Nd7 7. Be2 Bb7 8. g4 c5 9. d5 Qc7 10. h4 c4 11. h5 Nc5 12. h6 Bf6 13. g5 Be5 14. f4 Bxc3 15. Qxc3 f6 16. Bf3 b5 17. axb5 axb5 18. Rxa8+ Bxa8 19. Ne2 Bb7 20. O-O Kf7 21. Nd4 e6 22. Ra1 exd5 23. exd5 Ne7 24. Nxb5 Qd7 25. Qxf6+ Ke8 26. Qxh8+ 1-0


[Site "https://www.chess.com"]

[Event "Titled Tuesday Blitz November 22 Early 2022"]
[White "Janaszak, Dawid"]
[Black "Rios Escobar, Adan"]
[WhiteFideId "1119206"]
[BlackFideId "3403645"]
[WhiteElo "2226"]
[BlackElo "2352"]
[Result "1-0"]
[Round "11"]
[TimeControl "180+1"]
[Date "2022.11.23"]
[WhiteClock "0:00:59"]
[BlackClock "0:00:16"]

1. f4 g6 2. e4 Bg7 3. Nc3 d6 4. Bc4 c5 5. Nf3 Nc6 6. O-O e6 7. d4 cxd4 8. Nb5 Nge7 9. Bb3 d3 10. Qxd3 d5 11. exd5 exd5 12. Bxd5 O-O 13. Bxc6 Nxc6 14. Qxd8 Rxd8 15. c3 Be6 16. Nc7 Bc4 17. Nxa8 Bxf1 18. Kxf1 Rxa8 19. Be3 Re8 20. Kf2 b5 21. Rd1 b4 22. Rd6 Rc8 23. cxb4 Nxb4 24. a3 Nc6 25. b4 Bf8 26. Rd7 a5 27. b5 Nb8 28. Ra7 Bxa3 29. b6 Nc6 30. Ra6 Rb8 31. b7 Nd8 32. Ra8 Bd6 33. Ba7 Nc6 34. Bxb8 Bxb8 35. Ne5 Nxe5 36. fxe5 Kg7 37. Rxb8 h5 38. Ra8 h4 39. b8=Q g5 40. Qh8+ Kg6 41. Kf3 Kf5 42. Qf6# 1-0


[Site "https://www.chess.com"]

[Event "Titled Tuesday Blitz November 22 Early 2022"]
[White "Jeet, Jain"]
[Black "Avazkhonov, Alikhon"]
[WhiteFideId "5073022"]
[BlackFideId "14208504"]
[WhiteElo "2067"]
[BlackElo "1739"]
[Result "1-0"]
[Round "11"]
[TimeControl "180+1"]
[Date "2022.11.23"]
[WhiteClock "0:00:12"]
[BlackClock "0:00:01"]

1. Nf3 d5 2. c4 c6 3. g3 Nf6 4. b3 Bg4 5. Bg2 Nbd7 6. O-O Bxf3 7. Bxf3 dxc4 8. bxc4 Ne5 9. Bg2 Nxc4 10. Qb3 Nb6 11. a4 Qc7 12. d3 e6 13. Nc3 Bd6 14. Rb1 Rb8 15. Be3 Nc8 16. Rfc1 Qd7 17. a5 O-O 18. Na4 Nd5 19. Bc5 b5 20. Bxd6 Qxd6 21. Nc5 Nce7 22. a6 Rfc8 23. Rc2 Rb6 24. Rbc1 b4 25. d4 Nc3 26. e3 Ned5 27. h4 Nc7 28. Bf1 N7d5 29. Kh2 e5 30. Nd3 exd4 31. exd4 Re8 32. Ne5 Rbb8 33. Qc4 c5 34. Nd3 cxd4 35. Qxd4 Qb6 36. Qg4 b3 37. Rb2 Re4 38. Qd7 Re7 39. Qf5 Rbe8 40. Bg2 g6 41. Qg5 Rd7 42. h5 Na4 43. Rbb1 b2 44. Rc2 Ndc3 45. Rbxb2 Nxb2 46. Rxb2 Qxa6 47. Nc5 Qd6 48. Nxd7 Qxd7 49. h6 Qe6 50. Rb7 Ne4 51. Qe3 Nf6 52. Qxa7 Ng4+ 53. Kg1 Qe1+ 54. Bf1 Ne5 55. Rb3 Qe4 56. Qe3 Nf3+ 57. Qxf3 Qe6 58. Re3 Qd7 59. Qf6 1-0


[Site "https://www.chess.com"]

[Event "Titled Tuesday Blitz November 22 Early 2022"]
[White "Jimenez Almeida, Luis David"]
[Black "Chuemsakul, Sarocha"]
[WhiteFideId "22242244"]
[BlackFideId "6203710"]
[WhiteElo "2158"]
[BlackElo "1686"]
[Result "1-0"]
[Round "11"]
[TimeControl "180+1"]
[Date "2022.11.23"]
[WhiteClock "0:00:49"]
[BlackClock "0:00:17"]

1. e4 c5 2. Nf3 Nf6 3. e5 Nd5 4. c4 Nc7 5. b4 b6 6. bxc5 bxc5 7. Nc3 Nc6 8. Bd3 g6 9. O-O Bg7 10. Re1 O-O 11. Be4 Bb7 12. Rb1 Rb8 13. d3 d6 14. exd6 Bxc3 15. dxc7 Qxc7 16. Bd2 Bg7 17. Qa4 Ba8 18. Qa3 Nd4 19. Nxd4 Bxd4 20. Bxa8 Rxb1 21. Rxb1 Rxa8 22. Qa6 Rb8 23. Rb5 Rxb5 24. cxb5 Kg7 25. Qc6 Qe5 26. Qe4 Qc7 27. a4 f5 28. Qe6 Bf6 29. g3 Kf8 30. Qd5 Kg7 31. a5 Qb8 32. Qxc5 Qe5 33. Qxe5 Bxe5 34. Be3 Bc7 35. Bxa7 Bxa5 36. b6 1-0


[Site "https://www.chess.com"]

[Event "Titled Tuesday Blitz November 22 Early 2022"]
[White "Kim, Sergey"]
[Black "Safin, Robert"]
[WhiteFideId "13700570"]
[BlackFideId "34189120"]
[WhiteElo "2610"]
[BlackElo "2253"]
[Result "1-0"]
[Round "11"]
[TimeControl "180+1"]
[Date "2022.11.23"]
[WhiteClock "0:00:14"]
[BlackClock "0:00:02"]

1. d4 Nf6 2. c4 c5 3. d5 b5 4. cxb5 a6 5. b6 Qxb6 6. Nc3 d6 7. e4 g6 8. Be2 Bg7 9. Nf3 O-O 10. O-O e6 11. Nd2 exd5 12. exd5 Bf5 13. Nc4 Qc7 14. Bf4 Rd8 15. Qd2 Ne8 16. Rfe1 h5 17. h3 h4 18. Bf3 Nd7 19. Ne4 Nb6 20. Ne3 Bxe4 21. Bxe4 Nf6 22. Bf3 Re8 23. Rac1 a5 24. b3 Qd7 25. Bg5 Ne4 26. Bxe4 Rxe4 27. Ng4 Rd4 28. Qe2 Nxd5 29. Qf3 a4 30. Nf6+ Bxf6 31. Bxf6 Rd2 32. Rcd1 Re8 33. Rxe8+ Qxe8 34. Bxh4 axb3 35. axb3 Nc3 36. Ra1 Ne2+ 37. Kh1 Nd4 38. Qd5 1-0


[Site "https://www.chess.com"]

[Event "Titled Tuesday Blitz November 22 Early 2022"]
[White "Kirillov, Dmitry"]
[Black "Levitan, Caleb Levi"]
[WhiteFideId "34180572"]
[BlackFideId "14332620"]
[WhiteElo "2095"]
[BlackElo "1963"]
[Result "1-0"]
[Round "11"]
[TimeControl "180+1"]
[Date "2022.11.23"]
[WhiteClock "0:00:20"]
[BlackClock "0:00:05"]

1. e4 e5 2. Nf3 Nc6 3. Bc4 Bc5 4. b4 Bxb4 5. c3 Be7 6. d4 Na5 7. Bxf7+ Kxf7 8. Nxe5+ Kf8 9. O-O d6 10. Qf3+ Nf6 11. Nd3 Bg4 12. Qe3 Nc4 13. Qe1 Kf7 14. f3 Bh5 15. f4 Re8 16. e5 Nd5 17. Qe4 dxe5 18. Qxh7 Bg6 19. Nxe5+ Nxe5 20. fxe5+ Bf6 21. Qh3 Kg8 22. exf6 Nxf6 23. Bg5 Rf8 24. Nd2 Qd6 25. Nc4 Qd5 26. Ne5 Be4 27. Bxf6 Rxf6 28. Rxf6 gxf6 29. Qg3+ Kf8 30. Rf1 1-0


[Site "https://www.chess.com"]

[Event "Titled Tuesday Blitz November 22 Early 2022"]
[White "Kiseljova, Marya"]
[Black "Vasques, Antonio Pedro Freixial"]
[WhiteFideId "4155009"]
[BlackFideId "1908332"]
[WhiteElo "1907"]
[BlackElo "2243"]
[Result "0-1"]
[Round "11"]
[TimeControl "180+1"]
[Date "2022.11.23"]
[WhiteClock "0:00:26"]
[BlackClock "0:00:25"]

1. d4 Nf6 2. c4 g6 3. Nc3 Bg7 4. e4 O-O 5. Be2 d6 6. Bg5 e5 7. d5 c5 8. a4 Na6 9. Qd2 Qe8 10. f3 Kh8 11. g4 Ng8 12. Bh6 Bxh6 13. g5 Bg7 14. h4 f5 15. h5 gxh5 16. O-O-O Nb4 17. Kb1 f4 18. Nh3 Bxh3 19. Rxh3 h6 20. Rdh1 hxg5 21. Rxh5+ Nh6 22. Rxh6+ Bxh6 23. Rxh6+ Kg7 24. Rxd6 Rh8 25. Qe1 Qh5 26. Kc1 Qh1 27. Qxh1 Rxh1+ 28. Kd2 Rf8 29. Re6 Rf7 30. Rxe5 g4 31. Rg5+ Kf6 32. Rxg4 b6 33. Rxf4+ Ke7 34. Rxf7+ Kxf7 35. Nb5 Rh2 36. Nxa7 Kf6 37. Nb5 Ke5 38. Nc3 Na6 39. Ke3 Nb4 40. f4+ Kf6 41. e5+ Kf5 42. d6 Rh3+ 43. Bf3 Nc2+ 44. Kf2 Nd4 45. Be4+ Kxf4 46. d7 Rh2+ 47. Ke1 Rh8 48. e6 Nxe6 49. Bc6 Ke3 50. Nd5+ Kd3 51. Nxb6 Nd4 52. Bd5 Rf8 53. a5 Nc2+ 54. Kd1 Rf1# 0-1


[Site "https://www.chess.com"]

[Event "Titled Tuesday Blitz November 22 Early 2022"]
[White "Kleiman, Jake"]
[Black "Kilic, Eray"]
[WhiteFideId "2020041"]
[BlackFideId "44517173"]
[WhiteElo "2605"]
[BlackElo "2328"]
[Result "1-0"]
[Round "11"]
[TimeControl "180+1"]
[Date "2022.11.22"]
[WhiteClock "0:00:05"]
[BlackClock "0:00:10"]

1. e4 e5 2. Nf3 d5 3. Nxe5 Bd6 4. d4 dxe4 5. Bf4 Nf6 6. Nc3 O-O 7. Qd2 Nc6 8. O-O-O Bxe5 9. dxe5 Qxd2+ 10. Rxd2 Nh5 11. Be3 Nxe5 12. Nxe4 a6 13. Be2 Nf6 14. Nxf6+ gxf6 15. f4 Nc6 16. Bf3 Re8 17. Bf2 Be6 18. b3 Rab8 19. g4 a5 20. Re1 Kg7 21. f5 Ne5 22. Rxe5 fxe5 23. fxe6 Rxe6 24. Be4 b6 25. Rd7 c6 26. Be3 Rbe8 27. Bxb6 Rf6 28. Bf5 h5 29. h3 hxg4 30. hxg4 Rh6 31. Bxa5 Ra8 32. b4 c5 33. a3 Rh3 34. Kb2 cxb4 35. axb4 Re8 36. Rc7 e4 37. Bb6 e3 38. Bxe3 Rhxe3 39. c3 Kf6 40. Kb3 R8e5 41. Rc6+ Kg5 42. Rc7 Kf6 43. Rc8 Rg3 44. Ka4 Rg1 45. b5 Ra1+ 46. Kb4 Ra2 47. c4 Ke7 48. c5 Rb2+ 49. Ka5 Re3 50. Rc7+ Kd8 51. Rd7+ Ke8 52. Rb7 Ra3+ 53. Kb6 Rab3 54. Kc6 Rc3 55. Rc7 Kd8 56. Rc8+ Ke7 57. b6 Rbc2 58. Kb5 Rb2+ 59. Kc6 Rcb3 60. Kc7 Rc3 61. Kb7 Rcb3 62. Rc7+ Kf6 63. Rc6+ Ke5 64. Kc7 Kd4 65. Bc8 Rb5 66. b7 Kd5 67. Kd7 Rxc5 68. Rxc5+ Kxc5 69. Ke7 Kd5 70. Kxf7 Ke5 71. Kg6 Kd6 72. g5 Ke7 73. Kg7 Ke8 74. g6 Ke7 75. Kg8 Kf6 76. g7 Ke7 77. Kh7 Rh2+ 78. Kg6 Rg2+ 79. Kh6 Kf6 80. Bg4 Rxg4 81. Kh5 Rg5+ 82. Kh4 Rxg7 83. b8=Q Re7 84. Kg4 Ke6 85. Kf4 Kd7 86. Kf5 Rf7+ 87. Ke5 Re7+ 88. Kd5 Re1 89. Qb7+ Kd8 90. Qa8+ Kd7 91. Qa7+ Ke8 92. Qa4+ Kf7 93. Qf4+ Ke8 94. Qb8+ Kd7 95. Qb7+ Ke8 96. Qc8+ Kf7 97. Qc7+ Ke8 98. Qc8+ Kf7 99. Qg4 Rd1+ 100. Qxd1 1-0


[Site "https://www.chess.com"]

[Event "Titled Tuesday Blitz November 22 Early 2022"]
[White "Kopylov, Alexander A."]
[Black "Barria Zuniga, Daniel"]
[WhiteFideId "4164857"]
[BlackFideId "3400816"]
[WhiteElo "2436"]
[BlackElo "2414"]
[Result "0-1"]
[Round "11"]
[TimeControl "180+1"]
[Date "2022.11.22"]
[WhiteClock "0:00:14"]
[BlackClock "0:00:15"]

1. e4 c5 2. Nf3 Nc6 3. Bb5 a6 4. Bxc6 bxc6 5. O-O e6 6. e5 Ne7 7. b3 Ng6 8. Bb2 Be7 9. Na3 O-O 10. Nc4 f6 11. d4 cxd4 12. Qxd4 c5 13. Qd1 Bb7 14. Nd6 Bxf3 15. Qxf3 fxe5 16. Qd1 Qc7 17. Ne4 d5 18. Ng3 e4 19. Qg4 Qc6 20. Nh5 Rf7 21. c4 Raf8 22. Rad1 d4 23. Rde1 Ne5 24. Qxe4 Qxe4 25. Rxe4 Nd3 26. Re2 a5 27. Ng3 a4 28. Ne4 axb3 29. axb3 Rb8 30. Bc1 Rxb3 31. Bg5 Bf8 32. Ra1 Rfb7 33. g3 Rb1+ 34. Rxb1 Rxb1+ 35. Kg2 Rb4 36. Ra2 h6 37. Bd2 Rxc4 38. Ra8 Rc2 39. Ba5 c4 40. Bb6 e5 41. Bc7 Kf7 42. Ra7 Ke6 43. Ra6+ Kd5 0-1


[Site "https://www.chess.com"]

[Event "Titled Tuesday Blitz November 22 Early 2022"]
[White "Koridze, Lile"]
[Black "Streltsov, Alexey"]
[WhiteFideId "13612514"]
[BlackFideId "24104434"]
[WhiteElo "2050"]
[BlackElo "2548"]
[Result "1/2-1/2"]
[Round "11"]
[TimeControl "180+1"]
[Date "2022.11.23"]
[WhiteClock "0:01:44"]
[BlackClock "0:00:10"]

1. d4 d5 2. c4 e6 3. Nf3 c6 4. e3 f5 5. Nbd2 Bd6 6. Bd3 Nh6 7. b3 O-O 8. Bb2 g5 9. Ne5 Nd7 10. O-O g4 11. f3 Qh4 12. fxg4 Nxg4 13. Nxg4 fxg4 14. Rxf8+ Nxf8 15. g3 Bxg3 16. hxg3 Qxg3+ 17. Kh1 Qh3+ 18. Kg1 Qxe3+ 19. Kg2 Qxd3 20. Qxg4+ Qg6 21. Qxg6+ Nxg6 22. Nf3 Bd7 23. Re1 Rf8 24. Ne5 Be8 25. Nxg6 Bxg6 26. Rxe6 Be4+ 27. Kg1 Rf7 28. cxd5 Rg7+ 29. Kf1 cxd5 30. Ba3 h5 31. Rh6 Rg2 32. Rxh5 Rxa2 33. Bc5 b6 34. Bd6 Rd2 35. Be5 Rb2 36. Rg5+ Kf8 37. Rg7 a5 38. Rb7 Rxb3 39. Bc7 a4 40. Rxb6 Rf3+ 41. Ke1 a3 42. Bd6+ Kf7 43. Ra6 Re3+ 44. Kf2 Rd3 45. Bc5 Rd2+ 46. Ke1 Rh2 47. Rxa3 Ke6 48. Rg3 Kf5 49. Bd6 Ra2 50. Be5 1/2-1/2


[Site "https://www.chess.com"]

[Event "Titled Tuesday Blitz November 22 Early 2022"]
[White "Kosakowski, Jakub"]
[Black "Jobava, Baadur"]
[WhiteFideId "1185080"]
[BlackFideId "13601520"]
[WhiteElo "2463"]
[BlackElo "2582"]
[Result "0-1"]
[Round "11"]
[TimeControl "180+1"]
[Date "2022.11.22"]
[WhiteClock "0:00:12"]
[BlackClock "0:00:31"]

1. e4 d6 2. d4 Nf6 3. Nc3 e5 4. Nf3 Nbd7 5. Bc4 Be7 6. O-O O-O 7. Re1 c6 8. a4 a5 9. h3 h6 10. Ba2 Re8 11. Be3 Qc7 12. Nh4 Nf8 13. Qf3 exd4 14. Bxd4 Ne6 15. Be3 Ng5 16. Bxg5 hxg5 17. Nf5 Bf8 18. Rad1 Bxf5 19. Qxf5 Re5 20. Qf3 Rae8 21. Re3 Qb6 22. Bb3 d5 23. Re2 dxe4 24. Qg3 e3 25. f4 Nh5 26. Qf3 Nxf4 27. Rf1 g6 28. Kh1 Rf5 29. g4 Rf6 30. Ree1 Qd4 31. Rd1 Qe5 32. Rd7 Re7 33. Rxe7 Bxe7 34. Ne4 Kg7 35. Qxe3 Nd5 36. Rxf6 Nxe3 37. Rxf7+ Kh6 0-1


[Site "https://www.chess.com"]

[Event "Titled Tuesday Blitz November 22 Early 2022"]
[White "Kovacevic, Radmila"]
[Black "Bashirli, Saadat"]
[WhiteFideId "933171"]
[BlackFideId "13429990"]
[WhiteElo "2208"]
[BlackElo "1408"]
[Result "0-1"]
[Round "11"]
[TimeControl "180+1"]
[Date "2022.11.23"]
[WhiteClock "0:00:23"]
[BlackClock "0:00:14"]

1. e4 c5 2. Be2 g6 3. f4 Bg7 4. Nf3 e6 5. O-O Ne7 6. d3 O-O 7. Qe1 Nbc6 8. c3 d5 9. Qh4 a6 10. Be3 d4 11. Bf2 b5 12. a4 Rb8 13. axb5 axb5 14. g4 Qc7 15. Bg3 dxc3 16. bxc3 f5 17. Ng5 h6 18. Nh3 Qb6 19. gxf5 exf5 20. e5 c4+ 21. Bf2 Qc7 22. dxc4 b4 23. cxb4 Nxb4 24. Nc3 Bb7 25. Ra7 Qc6 26. Nd5 Nexd5 27. cxd5 Qxd5 28. Rxb7 Rxb7 29. Rd1 Qe4 30. Bf1 Qc2 31. Rd6 Kh7 32. Ng5+ Kg8 33. Rxg6 hxg5 34. Qxg5 Nd3 35. Be3 Ne1 36. Qg3 Nd3 37. Bd4 Qc4 38. Qxd3 Qxd3 39. Bxd3 Rd8 40. Bc4+ Kh7 41. Bb6 Rd1+ 42. Kf2 Kxg6 43. Be3 Rb2+ 44. Kf3 Ra1 45. h4 Ra3 46. h5+ Kxh5 47. Bf7+ Kh6 48. Be6 Kg6 49. Bd5 Rc2 50. e6 Bf8 51. Kg3 Rxe3+ 52. Bf3 Rcc3 53. Kh4 Be7+ 54. Kg3 Rxf3+ 55. Kg2 Rfe3 56. Kf2 Red3 57. Ke2 Rd8 58. Kf2 Ra3 59. Ke2 Rb8 60. Kd2 Rb2+ 61. Kc1 Ra1+ 62. Kxb2 Rf1 63. Kc3 Rxf4 64. Kd3 Re4 65. Kc3 Rxe6 66. Kd3 Rf6 67. Kd4 f4 68. Kd5 f3 69. Ke5 f2 70. Ke4 f1=Q 71. Ke3 Qf2+ 72. Kd3 Rd6+ 73. Kc4 Qc2+ 74. Kb5 Qc6+ 75. Ka5 Rd5# 0-1


[Site "https://www.chess.com"]

[Event "Titled Tuesday Blitz November 22 Early 2022"]
[White "Krzywda, Andrzej"]
[Black "Salman, Pavel"]
[WhiteFideId "1114565"]
[BlackFideId "24153753"]
[WhiteElo "2149"]
[BlackElo "2187"]
[Result "0-1"]
[Round "11"]
[TimeControl "180+1"]
[Date "2022.11.23"]
[WhiteClock "0:00:01"]
[BlackClock "0:00:47"]

1. d4 Nf6 2. c4 c5 3. d5 b5 4. cxb5 a6 5. e3 axb5 6. Bxb5 Qa5+ 7. Nc3 Bb7 8. Bd2 Qb6 9. a4 Nxd5 10. Nf3 e6 11. Ne5 Be7 12. Qg4 Bf6 13. Nc4 Qc7 14. O-O h5 15. Qg3 Qxg3 16. hxg3 O-O 17. Nd6 Nxc3 18. Bxc3 Bxc3 19. bxc3 Bc6 20. c4 g5 21. a5 Kg7 22. a6 Ra7 23. Rfb1 f5 24. Bxc6 Nxc6 25. Rb7 Rxb7 26. axb7 Rb8 27. Ra8 Kf6 28. Ne8+ Kf7 29. Nd6+ Ke7 30. Nb5 Rxb7 31. Rh8 Kf6 32. Rxh5 Ne5 33. Rh6+ Kg7 34. Rh1 Nxc4 35. Nc3 Rb2 0-1


[Site "https://www.chess.com"]